[Event "Charlotte CC Fall IM-A 2024"]
[Site "Charlotte"]
[Date "2024.11.25"]
[Round "7.2"]
[White "Macovei, Andrei"]
[Black "Bilych, Oleksii"]
[Result "0-1"]
[Annotator "TA"]
[ECO "B51"]
[WhiteElo "2476"]
[BlackElo "2429"]
[PlyCount "88"]
[EventDate "2024.11.22"]
[EventType "tourn"]
[EventCountry "USA"]
[SourceTitle "playchess.com"]
[Source "ChessBase"]
[SourceQuality "1"]
[TimeControl "5400+30"]

1. e4 c5 2. Nf3 d6 3. Bb5+ Nd7 4. O-O a6 5. Be2 Ngf6 6. d3 {[%emt 0:00:04] B51: Sicilian: Moscow Variation (3 Bb5+) without 3...Bd7.} e6 7. a4 b6 8. Nfd2 Bb7 9. f4 Be7 10. Bf3 h5 (10... Qc7 $11) 11. Nc3 Qc7 12. Qe2 O-O-O 13. Nc4 g6 {[%emt 0:00:03] [#]} 14. f5 $146 (14. e5 $1 $14 Ne8 15. exd6 (15. Bxb7+ Kxb7 16. f5 gxf5 $16) 15... Nxd6 16. Bxb7+ Kxb7 17. Ne4) ({Predecessor:} 14. e5 Ne8 15. Bxb7+ Qxb7 16. exd6 Nxd6 17. Nxd6+ Bxd6 18. Ne4 Be7 19. a5 b5 20. Ng5 {1-0 Radeva,V (2315)-Koridze,L (2121) EU-ch (Women) 24th 2024 (5)}) 14... Nh7 (14... exf5 15. exf5 Rhe8 16. fxg6 fxg6 17. Qe6 $16) (14... gxf5 $11 15. exf5 Bxf3 16. Qxf3 (16. Rxf3 e5 $11) 16... d5 17. fxe6 fxe6) 15. fxe6 fxe6 16. Be3 Rdf8 17. d4 cxd4 18. Bxd4 Rhg8 19. a5 b5 20. Nb6+ Nxb6 21. Bxb6 Qc6 22. Rae1 (22. e5 $14 d5 23. Qe3) 22... Ng5 $11 23. Nd5 Bd8 (23... Nxf3+ $2 24. Rxf3 exd5 25. Rc3 $18) 24. Bxd8 Kxd8 ({Of course not} 24... Nxf3+ 25. Rxf3 Qc5+ 26. Kh1 Rxf3 27. Bb6 $14 (27. gxf3 Rxd8 28. Nf4 Qe5 $11) (27. Qxf3 exd5 28. Bb6 dxe4 $16) (27. gxf3 Rxd8 28. Ne7+ Kb8 $11) (27. Qxf3 exd5 28. Bb6 dxe4 $16)) 25. Nb6 Qc5+ 26. Qe3 Ke7 27. e5 (27. Qxc5 $11 dxc5 28. c4) 27... Nxf3+ $17 28. gxf3 Qxe5 (28... Rxf3 $2 {is the wrong capture.} 29. exd6+ Qxd6 30. Rxf3 $18) 29. Qxe5 dxe5 30. Rxe5 Bxf3 (30... Rf5 $15 31. Rxf5 gxf5+ 32. Kf2 h4) 31. Rfe1 (31. Re3 $1 $11 Bg4 32. Nd5+ Kd6 33. Nb4 (33. Nf6 Rh8 $11)) 31... Rf6 $17 32. Rc5 {[%emt 0:00:07] [#]} Rd8 $1 33. Rc7+ Ke8 34. Kf2 (34. Rc8 $17) 34... Bg4+ 35. Ke3 (35. Kg3 $142) 35... Rf5 36. Rg1 g5 37. Rxg4 $2 (37. Ke4) 37... hxg4 $19 38. Ra7 Rf3+ 39. Ke4 Rf2 40. Ke5 Rxh2 41. Rg7 Kf8 42. Rxg5 Kf7 43. Rxg4 Re2+ 44. Kf4 Rxc2 0-1

[Event "Charlotte CC Fall IM-A 2024"]
[Site "Charlotte"]
[Date "2024.11.25"]
[Round "7.3"]
[White "Asavasaetakul, Chawit"]
[Black "Tsay, Vincent"]
[Result "1/2-1/2"]
[Annotator "RC"]
[ECO "A13"]
[WhiteElo "2009"]
[BlackElo "2309"]
[PlyCount "117"]
[EventDate "2024.11.22"]
[EventType "tourn"]
[EventCountry "USA"]
[SourceTitle "playchess.com"]
[Source "ChessBase"]
[SourceQuality "1"]
[TimeControl "5400+30"]

1. Nf3 d5 2. e3 Nf6 3. c4 e6 4. b3 Be7 5. Bb2 O-O 6. Nc3 c5 7. cxd5 exd5 8. Ne2 Nc6 9. Ng3 a6 10. Bd3 Re8 11. O-O Bf8 12. Rc1 h6 13. Bb1 d4 14. exd4 cxd4 15. Rxc6 bxc6 16. Nxd4 c5 17. Ndf5 Bb7 18. Qc2 g6 19. Nh4 Ne4 20. Nxg6 fxg6 21. f3 Qxd2 22. Nxe4 Qxc2 23. Bxc2 Bxe4 24. Bxe4 Rad8 25. Bc3 Bg7 26. Rc1 Bxc3 27. Rxc3 Re5 28. Rc2 g5 29. Kf2 Rd4 30. Kg3 Kg7 31. h4 Kf6 32. hxg5+ hxg5 33. Kf2 Ke7 34. Ke3 Kd6 35. Rc1 a5 36. Rh1 a4 37. Rh6+ Re6 38. Rh5 axb3 39. axb3 Re5 40. Rh6+ Ke7 41. Rh7+ Kd8 42. Rb7 Rd7 43. Rb8+ Kc7 44. Rb7+ Kc8 45. Rb6 Rd4 46. Rb5 Kd7 47. Rb7+ Kd6 48. Rb6+ Ke7 49. Rb7+ Kf6 50. Rb6+ Kf7 51. Rb7+ Re7 52. Rb5 Rc7 53. Rb6 Rb4 54. Bd5+ Kg7 55. Re6 Kf8 56. Rf6+ Ke8 57. Bc4 Re7+ 58. Kf2 Re5 59. Kg3 1/2-1/2

[Event "Charlotte CC Fall IM-A 2024"]
[Site "Charlotte"]
[Date "2024.11.25"]
[Round "7.4"]
[White "Stremavicius, Pijus"]
[Black "Atwell, Rose"]
[Result "1-0"]
[Annotator "TA"]
[ECO "A00"]
[WhiteElo "2346"]
[BlackElo "2164"]
[PlyCount "153"]
[EventDate "2024.11.22"]
[EventType "tourn"]
[EventCountry "USA"]
[SourceTitle "playchess.com"]
[Source "ChessBase"]
[SourceQuality "1"]
[TimeControl "5400+30"]

1. g3 e5 2. Bg2 d5 3. d3 Nf6 4. a3 Bd6 5. c4 dxc4 6. Qa4+ c6 7. Qxc4 Be6 8. Qc2 Nbd7 9. Nf3 h6 10. O-O O-O 11. Nbd2 Re8 12. b3 Qe7 13. Bb2 Bc7 14. Rfe1 Rad8 15. d4 e4 16. Nxe4 Nxe4 17. Qxe4 Bxb3 18. Qxe7 Rxe7 19. Nd2 Be6 20. Bc3 Nb6 21. e3 Na4 22. Nb1 Bd5 23. Rc1 f5 24. Bb4 Ree8 25. Nc3 Nxc3 26. Bxc3 Bxg2 27. Kxg2 Bd6 28. a4 Kf7 29. Rab1 Rd7 30. h4 h5 31. Bb4 Ke6 32. Kf3 Ree7 33. a5 Bxb4 34. Rxb4 Kd6 35. Rc5 g6 36. Kf4 Re4+ 37. Kg5 Re6 38. Rbc4 Kc7 (38... Rc7 $16) 39. a6 $18 Red6 40. axb7 Kxb7 41. Rb4+ Kc8 42. Re5 Kc7 43. Re8 a5 44. Ra4 (44. Rbb8 Rd8 45. Rexd8 Rxd8 $16) 44... Kb6 45. Rb8+ (45. Ra8 Rd5 46. Kxg6 R7d6+ 47. Kxh5 f4+ 48. Kg4 fxe3 49. fxe3 Rg6+ 50. Kh3 Rf5 $18) 45... Ka7 46. Rg8 (46. Rxa5+ $2 Kxb8 47. Re5 Ra7 48. Re8+ Kc7 $19) 46... Kb6 47. Ra1 (47. Rxg6 Kb5 48. Rxd6 Rxd6 $16) 47... Ra7 48. Rxg6 Rd5 49. Rf6 a4 50. Rxf5 Rg7+ $2 (50... Rb5 51. e4 a3) 51. Kf6 $18 (51. Kxh5 $2 Rxf5+ 52. Kh6 Rg4 53. Rb1+ Ka5 $19) 51... Rxf5+ 52. Kxf5 Kb5 53. Ke4 Rf7 54. f4 Rg7 55. f5 Rxg3 56. f6 Rg4+ 57. Ke5 Rg3 58. e4 (58. Rf1 $142 Rxe3+ 59. Kd6) 58... a3 59. f7 Rf3 {[%emt 0:00:06] [#]} 60. Rxa3 (60. Ke6 $142 $3 {[%cal Oa1a3][%mdl 512] White wants to mate with Rxa3!.} Kc4 (60... Kb4 61. e5) 61. Rxa3 Rxa3 62. f8=Q (62. f8=R Kxd4 63. e5 Re3 $18)) 60... Rxf7 $18 61. Rc3 Re7+ 62. Kf4 Rd7 63. Rc5+ (63. Ke5 Rg7 64. d5 cxd5 65. exd5 Kb6) 63... Kb6 64. Ke3 ({Not} 64. Rxh5 Rxd4 65. Rh8 Rd1 $16) 64... Rh7 65. Rg5 Kc7 66. e5 Kd7 67. Ke4 Rh6 68. Rg7+ Kd8 69. Kf5 Rh8 70. e6 Rh6 71. Ke5 Ke8 72. Kd6 Kf8 73. Rf7+ Ke8 74. Rc7 (74. Kxc6 $2 {perishes.} Rxe6+ 75. Kc5 Kxf7 $19) 74... Kd8 75. Rxc6 Rh7 76. e7+ Rxe7 77. Rc8+ 1-0

[Event "Charlotte CC Fall IM-A 2024"]
[Site "Charlotte"]
[Date "2024.11.25"]
[Round "7.5"]
[White "Wang, Isaac"]
[Black "Girsh, Daniel"]
[Result "1/2-1/2"]
[Annotator "RC"]
[ECO "D37"]
[WhiteElo "2328"]
[BlackElo "2180"]
[PlyCount "107"]
[EventDate "2024.11.22"]
[EventType "tourn"]
[EventCountry "USA"]
[SourceTitle "playchess.com"]
[Source "ChessBase"]
[SourceQuality "1"]
[TimeControl "5400+30"]

1. d4 Nf6 2. c4 e6 3. Nf3 d5 4. Nc3 a6 5. cxd5 exd5 6. Bg5 Be6 7. Bxf6 Qxf6 8. Qb3 Ra7 9. g3 Qd8 10. h4 Be7 11. Ng5 Bxg5 12. hxg5 Nc6 13. Bg2 Ne7 14. Qc2 Bf5 15. e4 dxe4 16. Bxe4 Qd7 17. O-O-O Ra8 18. Rde1 Kf8 19. Qb3 Rb8 20. Rh4 h5 21. Rf4 g6 22. Bf3 Kg7 23. d5 Rhe8 24. Rh1 Nc8 25. Qc4 Qe7 26. Bxh5 Nd6 27. Qd4+ Qe5 28. Bf3 Qxd4 29. Rxd4 Re5 30. Rdh4 Rbe8 31. Rh7+ Kf8 32. Rh8+ Ke7 33. Rxe8+ Kxe8 34. Bd1 b5 35. g4 Bd7 36. a3 a5 37. f4 Re3 38. Rg1 b4 39. axb4 axb4 40. Ne2 Rd3 41. Rg3 Rxd5 42. Re3+ Kd8 43. Ng3 Rd4 44. f5 gxf5 45. gxf5 Nxf5 46. Nxf5 Bxf5 47. Bb3 Bg6 48. Rf3 Ke7 49. Re3+ Re4 50. Rxe4+ Bxe4 51. Kd2 Bg6 52. Ke3 c5 53. Kf4 Bd3 54. Bd5 1/2-1/2